Vancouver Canucks vs Hartford Whalers
Created - Saturday, April 22, 2023 at 07:17
Goals
|
| Vancouver Canucks |
2 |
0 |
0 |
2 |
| Hartford Whalers |
0 |
3 |
1 |
4 |
|
Shots
|
| Vancouver Canucks |
19 |
15 |
7 |
41 |
| Hartford Whalers |
2 |
20 |
11 |
33 |
|
1st period
1. Vancouver Canucks , Nikita Zadorov 1 (Alex Formenton 3, Anton Lundell 12) at 17:19 (PP)
2. Vancouver Canucks , Clayton Keller 10 (Aleksander Barkov 28) at 17:30
Penalties :
Marcus Foligno (HFD) for Roughing (Minor) at 1:30, Thomas Chabot (HFD) for Holding (Minor) at 16:44, Casey Cizikas (HFD) for Roughing (Minor) at 17:33
2nd period
3. Hartford Whalers , Anthony Mantha 10 (Alexander Wennberg 22) at 1:44
4. Hartford Whalers , Alexander Wennberg 9 (Thomas Chabot 19) at 2:24 (PP)
5. Hartford Whalers , Taylor Hall 15 (Joshua Norris 23) at 18:46
Penalties :
Mikko Rantanen (VAN) for Hooking (Minor) at 1:47, Artturi Lehkonen (VAN) for Interference (Minor) at 6:18, Josh Anderson (HFD) for Hooking (Minor) at 12:38
3rd period
6. Hartford Whalers , Alexander Wennberg 10 (Anthony Mantha 12) at 5:18
Penalties :
Nikita Zadorov (VAN) for Tripping (Minor) at 9:46
Goalie Stats
Joonas Korpisalo (VAN), 29 saves from 33 shots - (0.879), L, 5-7-3, 60:00 minutes
Anton Forsberg (HFD), 39 saves from 41 shots - (0.951), W, 9-7-1, 60:00 minutes
Players Stats for Vancouver Canucks
Player Name G A P +/- PIM S H SB GA TA FO MP PP MP PK MP
------------------------------------------------------------------------------------
Adam Boqvist 0 0 0 0 0 1 1 2 0 0 0/0 16:53 4:26 0:00
Aleksander Barkov 0 1 1 1 0 5 1 0 1 0 14/25 21:09 3:36 1:23
Alex Formenton 0 1 1 -1 0 1 2 1 0 0 0/1 17:17 2:48 2:37
Anton Lundell 0 1 1 -2 0 4 1 0 0 1 7/16 17:43 2:48 2:42
Artturi Lehkonen 0 0 0 -2 2 6 2 0 1 0 0/1 12:56 0:08 0:00
Casey Mittelstadt 0 0 0 -1 0 1 1 0 1 0 1/1 13:41 0:08 0:58
Clayton Keller 1 0 1 1 0 3 1 2 2 0 1/1 20:37 3:36 0:58
Jacob Bryson 0 0 0 0 0 1 0 1 1 0 0/0 12:17 0:00 0:00
Jesperi Kotkaniemi 0 0 0 -1 0 3 0 0 1 0 4/8 12:47 0:08 0:32
Kasperi Kapanen 0 0 0 0 0 3 2 0 1 0 0/1 11:22 2:48 0:00
Mikko Rantanen 0 0 0 1 2 7 1 0 2 0 0/2 19:38 3:36 0:00
Miro Heiskanen 0 0 0 -1 0 0 2 2 0 0 0/0 25:06 2:06 3:08
Nathan Smith 0 0 0 0 0 0 0 0 0 0 1/2 8:02 0:00 0:00
Nikita Zadorov 1 0 1 -1 2 1 0 2 0 2 0/0 18:07 0:35 0:52
Noah Hanifin 0 0 0 -1 0 0 2 1 0 0 0/0 27:05 3:51 2:14
Olli Maatta 0 0 0 -1 0 2 0 1 0 1 0/0 20:38 2:06 2:56
Sam Lafferty 0 0 0 -2 0 3 3 0 0 1 0/0 12:02 0:00 0:00
Taylor Raddysh 0 0 0 0 0 0 0 0 0 0 0/0 8:02 0:00 0:00
Players Stats for Hartford Whalers
Player Name G A P +/- PIM S H SB GA TA FO MP PP MP PK MP
------------------------------------------------------------------------------------
Alec Martinez 0 0 0 1 0 1 0 0 0 2 0/0 22:44 2:22 3:16
Alexander Wennberg 2 1 3 2 0 3 2 0 1 2 3/9 18:06 2:19 2:59
Alexis Lafreniere 0 0 0 0 0 4 0 0 0 0 0/1 12:02 2:12 0:12
Anthony Mantha 1 1 2 2 0 1 2 0 0 1 2/3 14:36 2:19 0:00
Brett Howden 0 0 0 0 0 4 1 0 0 0 1/1 10:01 0:00 0:23
Casey Cizikas 0 0 0 0 2 0 2 1 0 0 5/8 13:02 0:07 0:00
Connor Clifton 0 0 0 1 0 0 0 0 0 0 0/0 14:17 0:00 0:00
Haydn Fleury 0 0 0 1 0 0 0 1 0 0 0/0 14:17 0:00 0:00
Josh Anderson 0 0 0 2 2 0 0 0 0 1 0/0 12:15 0:00 0:00
Joshua Norris 0 1 1 0 0 1 3 3 2 0 14/27 19:40 2:16 3:21
Kevin Labanc 0 0 0 0 0 2 1 0 0 1 0/1 13:09 0:00 0:45
Marcus Foligno 0 0 0 0 2 0 1 0 1 0 0/1 19:12 2:16 2:03
Michael Raffl 0 0 0 0 0 2 1 1 0 0 0/1 12:24 0:00 0:00
Paul Byron 0 0 0 0 0 1 0 1 0 0 5/5 9:18 0:00 0:00
Taylor Hall 1 0 1 0 0 4 3 1 1 1 0/1 19:40 2:16 3:21
Thomas Chabot 0 1 1 0 2 5 0 2 0 1 0/0 22:58 2:13 3:16
Travis Dermott 0 0 0 1 0 2 1 1 0 0 0/0 22:44 2:22 3:16
Trevor van Riemsdyk 0 0 0 0 0 3 0 1 0 1 0/0 22:59 2:13 3:16
3 Stars
1 - Alexander Wennberg (HFD)
2 - Anthony Mantha (HFD)
3 - Anton Forsberg (HFD)
Power Play
Vancouver Canucks - 1 on 4 Attempt(s) - 25.00%
Hartford Whalers - 1 on 3 Attempt(s) - 33.33%
Penalty Kill
Vancouver Canucks - 2 on 3 Attempt(s) - 66.67%
- Score 0 goal in Penalty Kill
Hartford Whalers - 3 on 4 Attempt(s) - 75.00%
- Score 0 goal in Penalty Kill
Team Stat
Vancouver Canucks - Hits : 19 - Faceoff Wins : 28 - Blocked Shots : 12 - Penalty Minutes : 6
Hartford Whalers - Hits : 17 - Faceoff Wins : 30 - Blocked Shots : 12 - Penalty Minutes : 8
Official
Referees : Dan O'Rourke and Mike Leggo
Linesman : David Brisebois and Brian Murphy
Game Notes
No Game Note
Finance
Level 1 -- Attendance: 4900 (49.00%) -- Ticket Income $490,000
Level 2 -- Attendance: 3635 (72.70%) -- Ticket Income $218,100
Level 3 -- Attendance: 2489 (82.97%) -- Ticket Income $87,115
Level 4 -- Attendance: 3723 (74.46%) -- Ticket Income $93,075
Luxury Box -- Attendance: 793 (79.30%) -- Ticket Income $158,600
Game was played at the Hartford Civic Center.
Total Attendance: 15540 (64.75%)
Total Ticket Income: $1,046,890
Other Income: $366,412
Total Income: $1,413,302
Vancouver Canucks
5 vs 5 Forward
Center Left Wing Right Wing Time % Phy DF OF
1 Aleksander Barkov Clayton Keller Mikko Rantanen 40 1 2 2
2 Anton Lundell Sam Lafferty Artturi Lehkonen 30 1 2 2
3 Jesperi Kotkaniemi Alex Formenton Casey Mittelstadt 20 1 2 2
4 Nathan Smith Kasperi Kapanen Taylor Raddysh 10 1 2 2
5 vs 5 Defense
Defense Defense Time % Phy DF OF
1 Miro Heiskanen Noah Hanifin 40 1 2 2
2 Nikita Zadorov Olli Maatta 30 1 2 2
3 Jacob Bryson Adam Boqvist 20 1 2 2
4 Nikita Zadorov Noah Hanifin 10 1 2 2
PowerPlay Forward
Center Left Wing Right Wing Time % Phy DF OF
1 Aleksander Barkov Clayton Keller Mikko Rantanen 60 1 2 2
2 Anton Lundell Kasperi Kapanen Alex Formenton 40 1 2 2
PowerPlay Defense
Defense Defense Time % Phy DF OF
1 Adam Boqvist Noah Hanifin 60 1 2 2
2 Olli Maatta Miro Heiskanen 40 1 2 2
Penalty Kill 4 Players Forward
Center Wing Time % Phy DF OF
1 Anton Lundell Alex Formenton 60 1 2 2
2 Aleksander Barkov Clayton Keller 40 1 2 2
Penalty Kill 4 Players Defense
Defense Defense Time % Phy DF OF
1 Miro Heiskanen Olli Maatta 60 1 2 2
2 Noah Hanifin Nikita Zadorov 40 1 2 2
Penalty Kill - 3 Players Forward
Forward Time % Phy DF OF
1 Anton Lundell 60 1 2 2
2 Aleksander Barkov 40 1 2 2
Penalty Kill - 3 Players Defense
Defense Defense Time % Phy DF OF
1 Miro Heiskanen Olli Maatta 60 1 2 2
2 Noah Hanifin Adam Boqvist 40 1 2 2
4 vs 4 Forward
Center Wing Time % Phy DF OF
1 Aleksander Barkov Mikko Rantanen 60 1 2 2
2 Anton Lundell Clayton Keller 40 1 2 2
4 vs 4 Defense
Defense Defense Time % Phy DF OF
1 Nikita Zadorov Noah Hanifin 60 1 2 2
2 Miro Heiskanen Adam Boqvist 40 1 2 2
Last Minutes Offensive
Center Left Wing Right Wing Defense Defense
Aleksander Barkov Clayton Keller Mikko Rantanen Miro Heiskanen Noah Hanifin
Last Minutes Defensive
Center Left Wing Right Wing Defense Defense
Anton Lundell Alex Formenton Clayton Keller Miro Heiskanen Olli Maatta
Goaltenders
Starting : Joonas Korpisalo
Backup : Ville Husso
Extra Forwards
Normal : Aleksander Barkov, Mikko Rantanen, Clayton Keller - PP : Aleksander Barkov, Kasperi Kapanen - PK : Aleksander Barkov
Extra Defensemen
Normal : Nikita Zadorov, Noah Hanifin, Miro Heiskanen - PP : Adam Boqvist - PK : Olli Maatta, Miro Heiskanen
Penalty Shots
Aleksander Barkov, Mikko Rantanen, Anton Lundell, Clayton Keller, Miro Heiskanen
Hartford Whalers
5 vs 5 Forward
Center Left Wing Right Wing Time % Phy DF OF
1 Joshua Norris Taylor Hall Marcus Foligno 30 1 2 2
2 Alexander Wennberg Anthony Mantha Josh Anderson 30 1 2 2
3 Casey Cizikas Michael Raffl Kevin Labanc 25 1 2 2
4 Paul Byron Alexis Lafreniere Brett Howden 15 1 2 2
5 vs 5 Defense
Defense Defense Time % Phy DF OF
1 Thomas Chabot Trevor van Riemsdyk 35 1 2 2
2 Alec Martinez Travis Dermott 35 1 2 2
3 Haydn Fleury Connor Clifton 30 1 2 2
4 Thomas Chabot Trevor van Riemsdyk 0 1 2 2
PowerPlay Forward
Center Left Wing Right Wing Time % Phy DF OF
1 Joshua Norris Taylor Hall Marcus Foligno 50 1 2 2
2 Alexander Wennberg Anthony Mantha Alexis Lafreniere 50 1 2 2
PowerPlay Defense
Defense Defense Time % Phy DF OF
1 Thomas Chabot Trevor van Riemsdyk 50 1 2 2
2 Alec Martinez Travis Dermott 50 1 2 2
Penalty Kill 4 Players Forward
Center Wing Time % Phy DF OF
1 Joshua Norris Taylor Hall 50 1 2 2
2 Marcus Foligno Alexander Wennberg 50 1 2 2
Penalty Kill 4 Players Defense
Defense Defense Time % Phy DF OF
1 Thomas Chabot Trevor van Riemsdyk 50 1 2 2
2 Alec Martinez Travis Dermott 50 1 2 2
Penalty Kill - 3 Players Forward
Forward Time % Phy DF OF
1 Joshua Norris 50 1 2 2
2 Taylor Hall 50 1 2 2
Penalty Kill - 3 Players Defense
Defense Defense Time % Phy DF OF
1 Thomas Chabot Trevor van Riemsdyk 50 1 2 2
2 Alec Martinez Travis Dermott 50 1 2 2
4 vs 4 Forward
Center Wing Time % Phy DF OF
1 Joshua Norris Taylor Hall 50 1 2 2
2 Marcus Foligno Alexander Wennberg 50 1 2 2
4 vs 4 Defense
Defense Defense Time % Phy DF OF
1 Thomas Chabot Trevor van Riemsdyk 50 1 2 2
2 Alec Martinez Travis Dermott 50 1 2 2
Last Minutes Offensive
Center Left Wing Right Wing Defense Defense
Joshua Norris Taylor Hall Marcus Foligno Thomas Chabot Trevor van Riemsdyk
Last Minutes Defensive
Center Left Wing Right Wing Defense Defense
Joshua Norris Taylor Hall Marcus Foligno Thomas Chabot Trevor van Riemsdyk
Goaltenders
Starting : Anton Forsberg
Backup : Logan Thompson
Extra Forwards
Normal : Casey Cizikas, Michael Raffl, Kevin Labanc - PP : Casey Cizikas, Michael Raffl - PK : Kevin Labanc
Extra Defensemen
Normal : Alec Martinez, Haydn Fleury, Connor Clifton - PP : Alec Martinez - PK : Haydn Fleury, Connor Clifton
Penalty Shots
Joshua Norris, Taylor Hall, Marcus Foligno, Alexander Wennberg, Anthony Mantha
% Time on Ice - Vancouver Canucks
Lines # - Real PCT - Wanted PCT - Time Play
Normal Forward
1 - 35% - 40% - 16:57
2 - 25% - 30% - 12:04
3 - 24% - 20% - 11:50
4 - 16% - 10% - 8:02
Normal Defense
1 - 40% - 40% - 19:35
2 - 31% - 30% - 15:19
3 - 25% - 20% - 12:17
4 - 3% - 10% - 1:42
PP Forward
1 - 57% - 60% - 3:44
2 - 43% - 40% - 2:48
PP Defense
1 - 68% - 60% - 4:26
2 - 32% - 40% - 2:06
PK Forward
1 - 79% - 60% - 3:37
2 - 21% - 40% - 0:58
PK Defense
1 - 51% - 60% - 2:21
2 - 49% - 40% - 2:14
PK3 Forward
1 - 0% - 60%
2 - 0% - 40%
PK3 Defense
1 - 0% - 60%
2 - 0% - 40%
44 Forward
1 - 0% - 60%
2 - 0% - 40%
44 Defense
1 - 0% - 60%
2 - 0% - 40%
Last Minute Offensive - 0:00
Last Minute Defensive - 0:00
Total
Forward - 60:00
Defense - 60:00
|
% Time on Ice - Hartford Whalers
Lines # - Real PCT - Wanted PCT - Time Play
Normal Forward
1 - 29% - 30% - 14:03
2 - 27% - 30% - 13:08
3 - 25% - 25% - 12:24
4 - 19% - 15% - 9:18
Normal Defense
1 - 36% - 35% - 17:30
2 - 35% - 35% - 17:06
3 - 29% - 30% - 14:17
4 - 0% - 0% - 0:00
PP Forward
1 - 49% - 50% - 2:16
2 - 51% - 50% - 2:19
PP Defense
1 - 48% - 50% - 2:13
2 - 52% - 50% - 2:22
PK Forward
1 - 51% - 50% - 3:21
2 - 49% - 50% - 3:11
PK Defense
1 - 50% - 50% - 3:16
2 - 50% - 50% - 3:16
PK3 Forward
1 - 0% - 50%
2 - 0% - 50%
PK3 Defense
1 - 0% - 50%
2 - 0% - 50%
44 Forward
1 - 0% - 50%
2 - 0% - 50%
44 Defense
1 - 0% - 50%
2 - 0% - 50%
Last Minute Offensive - 0:00
Last Minute Defensive - 0:00
Total
Forward - 60:00
Defense - 60:00
|
Play-by-Play
1st period
0:01 of 1st period - Joshua Norris wins face-off versus Mikko Rantanen in neutral zone.
0:06 of 1st period - Slapshot by Joshua Norris.
0:06 of 1st period - Shot Misses the Net.
0:26 of 1st period - Trevor van Riemsdyk is hit by Artturi Lehkonen and loses puck.
1:13 of 1st period - Snap shot by Alexis Lafreniere.
1:13 of 1st period - Stopped by Joonas Korpisalo with a rebound.
1:15 of 1st period - Slapshot by Alec Martinez.
1:15 of 1st period - Shot Blocked by Nikita Zadorov.
1:30 of 1st period - Minor Penalty to Marcus Foligno for Roughing.
1:31 of 1st period - Joshua Norris wins face-off versus Aleksander Barkov in Hartford Whalers zone.
3:30 of 1st period - Penalty to Marcus Foligno is over, Marcus Foligno is back on ice.
3:33 of 1st period - Wrist shot by Artturi Lehkonen.
3:33 of 1st period - Stopped by Anton Forsberg with a rebound.
3:54 of 1st period - Icing by Kevin Labanc.
3:55 of 1st period - Casey Cizikas wins face-off versus Nathan Smith in Hartford Whalers zone.
4:18 of 1st period - Snap shot by Kevin Labanc.
4:18 of 1st period - Shot Blocked by Adam Boqvist.
4:20 of 1st period - Snap shot by Marcus Foligno.
4:20 of 1st period - Shot Misses the Net.
4:24 of 1st period - Snap shot by Taylor Hall.
4:24 of 1st period - Stopped by Joonas Korpisalo with a rebound.
4:44 of 1st period - Snap shot by Clayton Keller.
4:44 of 1st period - Shot Blocked by Haydn Fleury.
5:02 of 1st period - Snap shot by Aleksander Barkov.
5:02 of 1st period - Shot Blocked by Paul Byron.
5:04 of 1st period - Wrist shot by Aleksander Barkov.
5:04 of 1st period - Deflect By Mikko Rantanen.
5:04 of 1st period - Stopped by Anton Forsberg with a rebound.
5:06 of 1st period - Slapshot by Jacob Bryson.
5:06 of 1st period - Stopped by Anton Forsberg with a rebound.
5:20 of 1st period - Snap shot by Aleksander Barkov.
5:20 of 1st period - Stopped by Anton Forsberg without a rebound.
5:21 of 1st period - Joshua Norris wins face-off versus Artturi Lehkonen in Hartford Whalers zone.
5:32 of 1st period - Artturi Lehkonen is hit by Taylor Hall and loses puck.
5:52 of 1st period - Miro Heiskanen is hit by Anthony Mantha and loses puck.
7:21 of 1st period - Off-side.
7:22 of 1st period - Paul Byron wins face-off versus Jesperi Kotkaniemi in neutral zone.
7:29 of 1st period - Icing by Noah Hanifin.
7:30 of 1st period - Casey Mittelstadt wins face-off versus Joshua Norris in Vancouver Canucks zone.
8:24 of 1st period - Anthony Mantha is hit by Miro Heiskanen and loses puck.
9:09 of 1st period - Snap shot by Jesperi Kotkaniemi.
9:09 of 1st period - Shot Misses the Net.
9:11 of 1st period - Slapshot by Olli Maatta.
9:11 of 1st period - Shot Blocked by Taylor Hall.
9:13 of 1st period - Wrist shot by Casey Mittelstadt.
9:13 of 1st period - Shot Blocked by Joshua Norris.
9:28 of 1st period - Snap shot by Anton Lundell.
9:28 of 1st period - Shot Misses the Net.
9:30 of 1st period - Snap shot by Anton Lundell.
9:30 of 1st period - Deflect By Artturi Lehkonen.
9:30 of 1st period - Shot Misses the Net.
9:30 of 1st period - Puck is out of play.
9:31 of 1st period - Aleksander Barkov wins face-off versus Casey Cizikas in Hartford Whalers zone.
9:42 of 1st period - Snap shot by Casey Cizikas.
9:42 of 1st period - Deflect By Kevin Labanc.
9:42 of 1st period - Shot Blocked by Jacob Bryson.
9:42 of 1st period - Puck is out of play.
9:43 of 1st period - Aleksander Barkov wins face-off versus Anthony Mantha in Vancouver Canucks zone.
10:10 of 1st period - Noah Hanifin is hit by Michael Raffl.
10:14 of 1st period - Slapshot by Anton Lundell.
10:14 of 1st period - Shot Misses the Net.
10:16 of 1st period - Slapshot by Olli Maatta.
10:16 of 1st period - Shot Misses the Net.
10:18 of 1st period - Wrist shot by Anton Lundell.
10:18 of 1st period - Shot Misses the Net.
10:20 of 1st period - Slapshot by Anton Lundell.
10:20 of 1st period - Stopped by Anton Forsberg without a rebound.
10:21 of 1st period - Joshua Norris wins face-off versus Anton Lundell in Hartford Whalers zone.
10:32 of 1st period - Snap shot by Joshua Norris.
10:32 of 1st period - Shot Misses the Net.
10:54 of 1st period - Wrist shot by Clayton Keller.
10:54 of 1st period - Stopped by Anton Forsberg with a rebound.
10:56 of 1st period - Snap shot by Clayton Keller.
10:56 of 1st period - Shot Blocked by Trevor van Riemsdyk.
10:58 of 1st period - Wrist shot by Mikko Rantanen.
10:58 of 1st period - Stopped by Anton Forsberg with a rebound.
11:50 of 1st period - Snap shot by Anton Lundell.
11:50 of 1st period - Deflect By Sam Lafferty.
11:50 of 1st period - Stopped by Anton Forsberg without a rebound.
11:51 of 1st period - Anton Lundell wins face-off versus Taylor Hall in Hartford Whalers zone.
11:56 of 1st period - Snap shot by Anton Lundell.
11:56 of 1st period - Shot Blocked by Joshua Norris.
11:58 of 1st period - Wrist shot by Anton Lundell.
11:58 of 1st period - Stopped by Anton Forsberg with a rebound.
12:00 of 1st period - Snap shot by Anton Lundell.
12:00 of 1st period - Stopped by Anton Forsberg with a rebound.
12:10 of 1st period - Snap shot by Artturi Lehkonen.
12:10 of 1st period - Stopped by Anton Forsberg with a rebound.
12:12 of 1st period - Slapshot by Adam Boqvist.
12:12 of 1st period - Stopped by Anton Forsberg with a rebound.
12:14 of 1st period - Wrist shot by Sam Lafferty.
12:14 of 1st period - Stopped by Anton Forsberg without a rebound.
12:15 of 1st period - Alexander Wennberg wins face-off versus Aleksander Barkov in Hartford Whalers zone.
13:23 of 1st period - Olli Maatta is hit by Travis Dermott and loses puck.
14:10 of 1st period - Marcus Foligno is hit by Mikko Rantanen and loses puck.
14:17 of 1st period - Snap shot by Aleksander Barkov.
14:17 of 1st period - Stopped by Anton Forsberg without a rebound.
14:18 of 1st period - Anton Lundell wins face-off versus Casey Cizikas in Hartford Whalers zone.
15:27 of 1st period - Aleksander Barkov is hit by Casey Cizikas and loses puck.
15:50 of 1st period - Wrist shot by Alexis Lafreniere.
15:50 of 1st period - Shot Misses the Net.
16:08 of 1st period - Backhand shot by Alex Formenton.
16:08 of 1st period - Shot Misses the Net.
16:44 of 1st period - Minor Penalty to Thomas Chabot for Holding.
16:45 of 1st period - Joshua Norris wins face-off versus Aleksander Barkov in Hartford Whalers zone.
16:57 of 1st period - Slapshot by Aleksander Barkov.
16:57 of 1st period - Stopped by Anton Forsberg with a rebound.
17:17 of 1st period - Slapshot by Alex Formenton.
17:17 of 1st period - Stopped by Anton Forsberg with a rebound.
17:19 of 1st period - Wrist shot by Nikita Zadorov.
17:19 of 1st period - Goal by Nikita Zadorov - Vancouver Canucks : 1 - Hartford Whalers : 0.
17:20 of 1st period - Joshua Norris wins face-off versus Aleksander Barkov in neutral zone.
17:28 of 1st period - Slapshot by Aleksander Barkov.
17:28 of 1st period - Stopped by Anton Forsberg with a rebound.
17:30 of 1st period - Wrist shot by Clayton Keller.
17:30 of 1st period - Goal by Clayton Keller - Vancouver Canucks : 2 - Hartford Whalers : 0.
17:31 of 1st period - Casey Cizikas wins face-off versus Aleksander Barkov in neutral zone.
17:33 of 1st period - Minor Penalty to Casey Cizikas for Roughing.
17:34 of 1st period - Joshua Norris wins face-off versus Aleksander Barkov in Hartford Whalers zone.
18:07 of 1st period - Trevor van Riemsdyk is hit by Kasperi Kapanen and loses puck.
19:33 of 1st period - Penalty to Casey Cizikas is over, Casey Cizikas is back on ice.
Goals for this period are 2 for Vancouver Canucks vs 0 for Hartford Whalers.
Shots for this period are 19 for Vancouver Canucks vs 2 for Hartford Whalers.
2nd period
0:01 of 2nd period - Aleksander Barkov wins face-off versus Joshua Norris in neutral zone.
0:04 of 2nd period - Snap shot by Mikko Rantanen.
0:04 of 2nd period - Shot Blocked by Thomas Chabot.
0:14 of 2nd period - Wrist shot by Marcus Foligno.
0:14 of 2nd period - Shot Misses the Net.
0:32 of 2nd period - Wrist shot by Artturi Lehkonen.
0:32 of 2nd period - Shot Misses the Net.
0:34 of 2nd period - Wrist shot by Anton Lundell.
0:34 of 2nd period - Stopped by Anton Forsberg without a rebound.
0:35 of 2nd period - Casey Cizikas wins face-off versus Anton Lundell in Hartford Whalers zone.
0:35 of 2nd period - Casey Cizikas is hit by Sam Lafferty.
0:59 of 2nd period - Snap shot by Anton Lundell.
0:59 of 2nd period - Shot Misses the Net.
1:07 of 2nd period - Wrist shot by Artturi Lehkonen.
1:07 of 2nd period - Stopped by Anton Forsberg without a rebound.
1:08 of 2nd period - Aleksander Barkov wins face-off versus Joshua Norris in Hartford Whalers zone.
1:23 of 2nd period - Slapshot by Mikko Rantanen.
1:23 of 2nd period - Shot Hit the Post.
1:25 of 2nd period - Snap shot by Clayton Keller.
1:25 of 2nd period - Stopped by Anton Forsberg with a rebound.
1:44 of 2nd period - Snap shot by Alexander Wennberg.
1:44 of 2nd period - Deflect By Anthony Mantha.
1:44 of 2nd period - Goal by Anthony Mantha - Vancouver Canucks : 2 - Hartford Whalers : 1.
1:45 of 2nd period - Aleksander Barkov wins face-off versus Alexander Wennberg in neutral zone.
1:47 of 2nd period - Minor Penalty to Mikko Rantanen for Hooking.
1:48 of 2nd period - Joshua Norris wins face-off versus Anton Lundell in Vancouver Canucks zone.
2:00 of 2nd period - Snap shot by Taylor Hall.
2:00 of 2nd period - Shot Blocked by Olli Maatta.
2:02 of 2nd period - Slapshot by Trevor van Riemsdyk.
2:02 of 2nd period - Stopped by Joonas Korpisalo with a rebound.
2:24 of 2nd period - Wrist shot by Alexander Wennberg.
2:24 of 2nd period - Goal by Alexander Wennberg - Vancouver Canucks : 2 - Hartford Whalers : 2.
2:25 of 2nd period - Alexander Wennberg wins face-off versus Aleksander Barkov in neutral zone.
2:32 of 2nd period - Snap shot by Anthony Mantha.
2:32 of 2nd period - Shot Misses the Net.
2:34 of 2nd period - Slapshot by Thomas Chabot.
2:34 of 2nd period - Stopped by Joonas Korpisalo without a rebound.
2:35 of 2nd period - Aleksander Barkov wins face-off versus Alexander Wennberg in Vancouver Canucks zone.
3:38 of 2nd period - Slapshot by Anthony Mantha.
3:38 of 2nd period - Shot Blocked by Miro Heiskanen.
3:40 of 2nd period - Slapshot by Thomas Chabot.
3:40 of 2nd period - Deflect By Alexander Wennberg.
3:40 of 2nd period - Shot Misses the Net.
3:40 of 2nd period - Puck is out of play.
3:41 of 2nd period - Joshua Norris wins face-off versus Anton Lundell in Vancouver Canucks zone.
3:56 of 2nd period - Wrist shot by Joshua Norris.
3:56 of 2nd period - Shot Blocked by Nikita Zadorov.
4:47 of 2nd period - Olli Maatta is hit by Taylor Hall and loses puck.
5:58 of 2nd period - Wrist shot by Artturi Lehkonen.
5:58 of 2nd period - Stopped by Anton Forsberg without a rebound.
5:59 of 2nd period - Anton Lundell wins face-off versus Casey Cizikas in Hartford Whalers zone.
6:06 of 2nd period - Snap shot by Kevin Labanc.
6:06 of 2nd period - Shot Misses the Net.
6:18 of 2nd period - Minor Penalty to Artturi Lehkonen for Interference.
6:19 of 2nd period - Anthony Mantha wins face-off versus Anton Lundell in Vancouver Canucks zone.
7:07 of 2nd period - Travis Dermott is hit by Alex Formenton and loses puck.
8:18 of 2nd period - Penalty to Artturi Lehkonen is over, Artturi Lehkonen is back on ice.
8:18 of 2nd period - Jesperi Kotkaniemi is hit by Casey Cizikas and loses puck.
8:32 of 2nd period - Snap shot by Michael Raffl.
8:32 of 2nd period - Stopped by Joonas Korpisalo without a rebound.
8:33 of 2nd period - Nathan Smith wins face-off versus Kevin Labanc in Vancouver Canucks zone.
8:42 of 2nd period - Snap shot by Kasperi Kapanen.
8:42 of 2nd period - Shot Misses the Net.
9:16 of 2nd period - Casey Cizikas is hit by Noah Hanifin and loses puck.
9:29 of 2nd period - Wrist shot by Taylor Raddysh.
9:29 of 2nd period - Deflect By Kasperi Kapanen.
9:29 of 2nd period - Shot Blocked by Casey Cizikas.
9:29 of 2nd period - Puck is out of play.
9:30 of 2nd period - Aleksander Barkov wins face-off versus Joshua Norris in Hartford Whalers zone.
9:35 of 2nd period - Slapshot by Aleksander Barkov.
9:35 of 2nd period - Shot Blocked by Travis Dermott.
9:37 of 2nd period - Snap shot by Mikko Rantanen.
9:37 of 2nd period - Stopped by Anton Forsberg without a rebound.
9:38 of 2nd period - Aleksander Barkov wins face-off versus Joshua Norris in Hartford Whalers zone.
10:25 of 2nd period - Wrist shot by Mikko Rantanen.
10:25 of 2nd period - Stopped by Anton Forsberg with a rebound.
10:57 of 2nd period - Wrist shot by Alexander Wennberg.
10:57 of 2nd period - Shot Blocked by Clayton Keller.
10:59 of 2nd period - Snap shot by Travis Dermott.
10:59 of 2nd period - Deflect By Anthony Mantha.
10:59 of 2nd period - Shot Misses the Net.
10:59 of 2nd period - Puck is out of play.
11:00 of 2nd period - Joshua Norris wins face-off versus Anton Lundell in Vancouver Canucks zone.
11:01 of 2nd period - Wrist shot by Taylor Hall.
11:01 of 2nd period - Stopped by Joonas Korpisalo with a rebound.
11:03 of 2nd period - Slapshot by Trevor van Riemsdyk.
11:03 of 2nd period - Stopped by Joonas Korpisalo with a rebound.
11:05 of 2nd period - Wrist shot by Joshua Norris.
11:05 of 2nd period - Stopped by Joonas Korpisalo with a rebound.
11:07 of 2nd period - Snap shot by Marcus Foligno.
11:07 of 2nd period - Shot Misses the Net.
11:09 of 2nd period - Slapshot by Trevor van Riemsdyk.
11:09 of 2nd period - Shot Blocked by Noah Hanifin.
11:11 of 2nd period - Backhand shot by Trevor van Riemsdyk.
11:11 of 2nd period - Stopped by Joonas Korpisalo with a rebound.
11:13 of 2nd period - Snap shot by Taylor Hall.
11:13 of 2nd period - Stopped by Joonas Korpisalo with a rebound.
11:27 of 2nd period - Anton Lundell is hit by Kevin Labanc and loses puck.
11:32 of 2nd period - Snap shot by Kevin Labanc.
11:32 of 2nd period - Shot Misses the Net.
11:36 of 2nd period - Slapshot by Kevin Labanc.
11:36 of 2nd period - Stopped by Joonas Korpisalo without a rebound.
11:37 of 2nd period - Paul Byron wins face-off versus Jesperi Kotkaniemi in Vancouver Canucks zone.
11:59 of 2nd period - Icing by Alex Formenton.
12:00 of 2nd period - Joshua Norris wins face-off versus Jesperi Kotkaniemi in Vancouver Canucks zone.
12:19 of 2nd period - Snap shot by Jesperi Kotkaniemi.
12:19 of 2nd period - Shot Blocked by Joshua Norris.
12:21 of 2nd period - Snap shot by Jesperi Kotkaniemi.
12:21 of 2nd period - Stopped by Anton Forsberg with a rebound.
12:23 of 2nd period - Snap shot by Casey Mittelstadt.
12:23 of 2nd period - Stopped by Anton Forsberg with a rebound.
12:25 of 2nd period - Backhand shot by Olli Maatta.
12:25 of 2nd period - Stopped by Anton Forsberg with a rebound.
12:27 of 2nd period - Snap shot by Alex Formenton.
12:27 of 2nd period - Shot Blocked by Thomas Chabot.
12:29 of 2nd period - Slapshot by Olli Maatta.
12:29 of 2nd period - Deflect By Jesperi Kotkaniemi.
12:29 of 2nd period - Stopped by Anton Forsberg with a rebound.
12:31 of 2nd period - Wrist shot by Jesperi Kotkaniemi.
12:31 of 2nd period - Shot Misses the Net.
12:33 of 2nd period - Wrist shot by Jesperi Kotkaniemi.
12:33 of 2nd period - Stopped by Anton Forsberg without a rebound.
12:34 of 2nd period - Aleksander Barkov wins face-off versus Alexander Wennberg in Hartford Whalers zone.
12:38 of 2nd period - Minor Penalty to Josh Anderson for Hooking.
12:39 of 2nd period - Aleksander Barkov wins face-off versus Joshua Norris in Hartford Whalers zone.
12:54 of 2nd period - Wrist shot by Mikko Rantanen.
12:54 of 2nd period - Stopped by Anton Forsberg without a rebound.
12:55 of 2nd period - Clayton Keller wins face-off versus Marcus Foligno in Hartford Whalers zone.
12:56 of 2nd period - Snap shot by Aleksander Barkov.
12:56 of 2nd period - Shot Misses the Net.
13:22 of 2nd period - Alexander Wennberg is hit by Kasperi Kapanen and loses puck.
13:27 of 2nd period - Wrist shot by Kasperi Kapanen.
13:27 of 2nd period - Stopped by Anton Forsberg with a rebound.
14:38 of 2nd period - Penalty to Josh Anderson is over, Josh Anderson is back on ice.
14:41 of 2nd period - Off-side.
14:42 of 2nd period - Casey Cizikas wins face-off versus Anton Lundell in neutral zone.
14:47 of 2nd period - Kevin Labanc is hit by Sam Lafferty and loses puck.
15:31 of 2nd period - Snap shot by Alexander Wennberg.
15:31 of 2nd period - Stopped by Joonas Korpisalo without a rebound.
15:32 of 2nd period - Anton Lundell wins face-off versus Joshua Norris in Vancouver Canucks zone.
15:37 of 2nd period - Marcus Foligno is hit by Artturi Lehkonen and loses puck.
15:48 of 2nd period - Trevor van Riemsdyk is hit by Adam Boqvist and loses puck.
16:03 of 2nd period - Slapshot by Thomas Chabot.
16:03 of 2nd period - Stopped by Joonas Korpisalo with a rebound.
16:05 of 2nd period - Slapshot by Thomas Chabot.
16:05 of 2nd period - Deflect By Adam Boqvist.
16:05 of 2nd period - Stopped by Joonas Korpisalo with a rebound.
16:07 of 2nd period - Snap shot by Trevor van Riemsdyk.
16:07 of 2nd period - Deflect By Michael Raffl.
16:07 of 2nd period - Stopped by Joonas Korpisalo with a rebound.
16:09 of 2nd period - Slapshot by Thomas Chabot.
16:09 of 2nd period - Shot Blocked by Adam Boqvist.
16:11 of 2nd period - Slapshot by Thomas Chabot.
16:11 of 2nd period - Deflect By Artturi Lehkonen.
16:11 of 2nd period - Stopped by Joonas Korpisalo with a rebound.
16:19 of 2nd period - Snap shot by Artturi Lehkonen.
16:19 of 2nd period - Stopped by Anton Forsberg without a rebound.
16:20 of 2nd period - Aleksander Barkov wins face-off versus Alexander Wennberg in Hartford Whalers zone.
16:35 of 2nd period - Wrist shot by Aleksander Barkov.
16:35 of 2nd period - Stopped by Anton Forsberg without a rebound.
16:36 of 2nd period - Jesperi Kotkaniemi wins face-off versus Joshua Norris in Hartford Whalers zone.
17:29 of 2nd period - Icing by Nikita Zadorov.
17:30 of 2nd period - Joshua Norris wins face-off versus Anton Lundell in Vancouver Canucks zone.
17:55 of 2nd period - Nikita Zadorov is hit by Alexander Wennberg and loses puck.
18:18 of 2nd period - Snap shot by Alexis Lafreniere.
18:18 of 2nd period - Stopped by Joonas Korpisalo with a rebound.
18:20 of 2nd period - Slapshot by Travis Dermott.
18:20 of 2nd period - Shot Misses the Net.
18:22 of 2nd period - Snap shot by Brett Howden.
18:22 of 2nd period - Stopped by Joonas Korpisalo without a rebound.
18:23 of 2nd period - Paul Byron wins face-off versus Aleksander Barkov in Vancouver Canucks zone.
18:38 of 2nd period - Slapshot by Alexis Lafreniere.
18:38 of 2nd period - Stopped by Joonas Korpisalo without a rebound.
18:39 of 2nd period - Anton Lundell wins face-off versus Joshua Norris in Vancouver Canucks zone.
18:46 of 2nd period - Wrist shot by Taylor Hall.
18:46 of 2nd period - Goal by Taylor Hall - Vancouver Canucks : 2 - Hartford Whalers : 3.
18:47 of 2nd period - Aleksander Barkov wins face-off versus Joshua Norris in neutral zone.
19:36 of 2nd period - Off-side.
19:37 of 2nd period - Jesperi Kotkaniemi wins face-off versus Michael Raffl in neutral zone.
19:52 of 2nd period - Wrist shot by Casey Cizikas.
19:52 of 2nd period - Shot Misses the Net.
Goals for this period are 0 for Vancouver Canucks vs 3 for Hartford Whalers.
Shots for this period are 15 for Vancouver Canucks vs 20 for Hartford Whalers.
3rd period
0:01 of 3rd period - Aleksander Barkov wins face-off versus Joshua Norris in neutral zone.
0:03 of 3rd period - Off-side.
0:04 of 3rd period - Joshua Norris wins face-off versus Mikko Rantanen in neutral zone.
0:43 of 3rd period - Wrist shot by Casey Mittelstadt.
0:43 of 3rd period - Deflect By Joshua Norris.
0:43 of 3rd period - Shot Misses the Net.
0:43 of 3rd period - Puck is out of play.
0:44 of 3rd period - Aleksander Barkov wins face-off versus Alexander Wennberg in Hartford Whalers zone.
0:59 of 3rd period - Wrist shot by Aleksander Barkov.
0:59 of 3rd period - Deflect By Mikko Rantanen.
0:59 of 3rd period - Stopped by Anton Forsberg with a rebound.
1:01 of 3rd period - Slapshot by Olli Maatta.
1:01 of 3rd period - Stopped by Anton Forsberg with a rebound.
1:42 of 3rd period - Slapshot by Brett Howden.
1:42 of 3rd period - Stopped by Joonas Korpisalo with a rebound.
1:44 of 3rd period - Snap shot by Travis Dermott.
1:44 of 3rd period - Deflect By Casey Mittelstadt.
1:44 of 3rd period - Stopped by Joonas Korpisalo with a rebound.
1:46 of 3rd period - Slapshot by Travis Dermott.
1:46 of 3rd period - Stopped by Joonas Korpisalo with a rebound.
1:58 of 3rd period - Marcus Foligno is hit by Clayton Keller and loses puck.
2:42 of 3rd period - Trevor van Riemsdyk is hit by Miro Heiskanen and loses puck.
3:00 of 3rd period - Off-side.
3:01 of 3rd period - Paul Byron wins face-off versus Jesperi Kotkaniemi in neutral zone.
3:28 of 3rd period - Wrist shot by Mikko Rantanen.
3:28 of 3rd period - Stopped by Anton Forsberg with a rebound.
3:34 of 3rd period - Clayton Keller is hit by Joshua Norris and loses puck.
4:33 of 3rd period - Paul Byron is hit by Casey Mittelstadt and loses puck.
5:18 of 3rd period - Snap shot by Alexander Wennberg.
5:18 of 3rd period - Goal by Alexander Wennberg - Vancouver Canucks : 2 - Hartford Whalers : 4.
5:19 of 3rd period - Joshua Norris wins face-off versus Aleksander Barkov in neutral zone.
6:05 of 3rd period - Snap shot by Michael Raffl.
6:05 of 3rd period - Shot Misses the Net.
6:07 of 3rd period - Slapshot by Alec Martinez.
6:07 of 3rd period - Stopped by Joonas Korpisalo with a rebound.
6:09 of 3rd period - Slapshot by Travis Dermott.
6:09 of 3rd period - Shot Blocked by Alex Formenton.
6:34 of 3rd period - Snap shot by Brett Howden.
6:34 of 3rd period - Stopped by Joonas Korpisalo with a rebound.
6:48 of 3rd period - Wrist shot by Mikko Rantanen.
6:48 of 3rd period - Shot Misses the Net.
6:54 of 3rd period - Mikko Rantanen is hit by Joshua Norris and loses puck.
7:07 of 3rd period - Slapshot by Kevin Labanc.
7:07 of 3rd period - Stopped by Joonas Korpisalo with a rebound.
7:09 of 3rd period - Wrist shot by Michael Raffl.
7:09 of 3rd period - Shot Misses the Net.
7:11 of 3rd period - Slapshot by Trevor van Riemsdyk.
7:11 of 3rd period - Shot Blocked by Clayton Keller.
7:49 of 3rd period - Anton Lundell is hit by Brett Howden and loses puck.
8:08 of 3rd period - Slapshot by Kevin Labanc.
8:08 of 3rd period - Shot Misses the Net.
8:22 of 3rd period - Wrist shot by Artturi Lehkonen.
8:22 of 3rd period - Deflect By Sam Lafferty.
8:22 of 3rd period - Stopped by Anton Forsberg with a rebound.
8:24 of 3rd period - Wrist shot by Sam Lafferty.
8:24 of 3rd period - Shot Blocked by Michael Raffl.
8:26 of 3rd period - Wrist shot by Artturi Lehkonen.
8:26 of 3rd period - Stopped by Anton Forsberg without a rebound.
8:27 of 3rd period - Jesperi Kotkaniemi wins face-off versus Alexander Wennberg in Hartford Whalers zone.
8:38 of 3rd period - Jesperi Kotkaniemi is hit by Anthony Mantha and loses puck.
8:53 of 3rd period - Noah Hanifin is hit by Taylor Hall and loses puck.
9:28 of 3rd period - Slapshot by Thomas Chabot.
9:28 of 3rd period - Deflect By Jesperi Kotkaniemi.
9:28 of 3rd period - Stopped by Joonas Korpisalo with a rebound.
9:30 of 3rd period - Slapshot by Thomas Chabot.
9:30 of 3rd period - Shot Misses the Net.
9:32 of 3rd period - Wrist shot by Alexis Lafreniere.
9:32 of 3rd period - Stopped by Joonas Korpisalo with a rebound.
9:46 of 3rd period - Minor Penalty to Nikita Zadorov for Tripping.
9:47 of 3rd period - Anton Lundell wins face-off versus Joshua Norris in Vancouver Canucks zone.
9:47 of 3rd period - Anton Lundell is hit by Marcus Foligno.
10:03 of 3rd period - Snap shot by Taylor Hall.
10:03 of 3rd period - Shot Blocked by Miro Heiskanen.
10:13 of 3rd period - Anton Lundell is hit by Alexander Wennberg and loses puck.
10:41 of 3rd period - Icing by Thomas Chabot.
10:42 of 3rd period - Anthony Mantha wins face-off versus Anton Lundell in Hartford Whalers zone.
11:45 of 3rd period - Taylor Hall is hit by Aleksander Barkov and loses puck.
11:46 of 3rd period - Penalty to Nikita Zadorov is over, Nikita Zadorov is back on ice.
12:15 of 3rd period - Icing by Nathan Smith.
12:16 of 3rd period - Brett Howden wins face-off versus Kasperi Kapanen in Vancouver Canucks zone.
12:17 of 3rd period - Wrist shot by Paul Byron.
12:17 of 3rd period - Stopped by Joonas Korpisalo without a rebound.
12:18 of 3rd period - Alexander Wennberg wins face-off versus Aleksander Barkov in Vancouver Canucks zone.
12:19 of 3rd period - Wrist shot by Anthony Mantha.
12:19 of 3rd period - Shot Misses the Net.
12:43 of 3rd period - Travis Dermott is hit by Sam Lafferty and loses puck.
14:02 of 3rd period - Michael Raffl is hit by Anton Lundell and loses puck.
16:41 of 3rd period - Nathan Smith is hit by Joshua Norris and loses puck.
16:54 of 3rd period - Wrist shot by Kasperi Kapanen.
16:54 of 3rd period - Stopped by Anton Forsberg without a rebound.
16:55 of 3rd period - Paul Byron wins face-off versus Alex Formenton in Hartford Whalers zone.
16:59 of 3rd period - Off-side.
17:00 of 3rd period - Jesperi Kotkaniemi wins face-off versus Alexis Lafreniere in neutral zone.
17:03 of 3rd period - Thomas Chabot is hit by Alex Formenton and loses puck.
17:44 of 3rd period - Wrist shot by Alexis Lafreniere.
17:44 of 3rd period - Shot Misses the Net.
17:52 of 3rd period - Wrist shot by Brett Howden.
17:52 of 3rd period - Stopped by Joonas Korpisalo with a rebound.
18:00 of 3rd period - Thomas Chabot is hit by Noah Hanifin and loses puck.
18:48 of 3rd period - Off-side.
18:49 of 3rd period - Casey Cizikas wins face-off versus Aleksander Barkov in neutral zone.
19:45 of 3rd period - Slapshot by Kasperi Kapanen.
19:45 of 3rd period - Stopped by Anton Forsberg without a rebound.
19:46 of 3rd period - Anton Lundell wins face-off versus Joshua Norris in Hartford Whalers zone.
Goals for this period are 0 for Vancouver Canucks vs 1 for Hartford Whalers.
Shots for this period are 7 for Vancouver Canucks vs 11 for Hartford Whalers.
Back to the Top